 Dungeon Crawl Stone Soup version 0.17.2 (webtiles) character file.

119 ololoev the Cudgeler (level 4, -6/35 HPs)
             Began as a Mummy Chaos Knight on June 30, 2016.
             Killed by divine providence
             ... invoked by an orc priest
              (13 damage)
             ... on level 3 of the Dungeon.
             The game lasted 00:02:58 (2263 turns).

ololoev the Cudgeler (Mummy Chaos Knight)           Turns: 2263, Time: 00:02:59

Health: -6/35      AC:  6    Str: 16    XL:     4   Next: 73%
Magic:  4/4        EV: 11    Int: 11    God:    Xom [.*....]
Gold:   84         SH:  0    Dex: 11    Spells: 0 memorised, 3 levels left

rFire  x . .     SeeInvis .     a - +2 war axe (freeze)
rCold  + . .     Clarity  .     b - +2 leather armour
rNeg   + + +     SustAt   .     (no shield)
rPois  ∞         Gourm    .     (no helmet)
rElec  .         Spirit   .     f - +0 cloak
rCorr  .         Warding  .     (no gloves)
rMut   .         Stasis   .     (no boots)
MR     .....                    (no amulet)
Stlth  +.........               (no ring)
                                (no ring)

@: not resistant to hostile enchantments, very unstealthy
A: no food or potions, fire vulnerability, cold resistance 1, negative energy
resistance 3, torment resistance, unbreathing
a: Renounce Religion


Innate Abilities, Weirdness & Mutations

You do not eat or drink.
Your flesh is vulnerable to fire.
You are immune to poison.
Your flesh is cold resistant.
You are immune to negative energy.
You are immune to unholy pain and torment.
You can survive without breathing.

Inventory:

Hand Weapons
 a - a +2 war axe of freezing (weapon)
Armour
 b - a +2 leather armour (worn)
 f - a +0 cloak (worn)
Scrolls
 c - 2 scrolls of remove curse {unknown}
 d - 2 scrolls of identify {unknown}
 e - a scroll of magic mapping {unknown}
 g - a scroll of noise {unknown}
 h - 2 scrolls of recharging {unknown}
 i - 2 scrolls of teleportation {unknown}
 j - a scroll of amnesia {unknown}


   Skills:
 - Level 3.0 Fighting
 * Level 1.9(2.8) Axes
   Level 3.2(3.4) Maces & Flails
 + Level 2.7 Armour
 - Level 0.7 Dodging


You had 3 spell levels left.
You didn't know any spells.


You were on level 3 of the Dungeon.
You worshipped Xom.
You were a plaything of Xom.
You were not hungry.

You visited 1 branch of the dungeon, and saw 3 of its levels.

You collected 84 gold pieces.

..♣....♣♣≈≈♣≈≈♣≈§≈♣≈≈P≈..
....♣≈♣≈≈≈≈.≈..≈≈≈≈≈≈≈♣†P
......≈♣≈≈≈≈≈≈♣≈≈♣≈♣≈.≈..
♣..♣...)P♣≈≈♣≈P♣≈♣....P.
♣...♣.≈§≈≈♣≈♣P♣....P....
♣.♣....§....≈♣.♣........
♣P♣.♣...(.♣♣.........♣
♣♣.♣P†..♣.P♣...♣...♣..
♣.♣..@♣PP♣(......♣♣.♣♣
♣♣♣..o♣♣♣♣♣♣♣....♣♣♣♣.
♣..♣♣ ♣♣...♣ ## #.o ♣♣.##
##o ### ##

Notes
Turn   | Place    | Note
--------------------------------------------------------------
     0 | D:1      | ololoev the Mummy Chaos Knight began the quest for the Orb.
     0 | D:1      | Reached XP level 1. HP: 18/18 MP: 1/1
    17 | D:1      | XOM: potion effect (brilliance)
    27 | D:1      | XOM: potion effect (heal wounds)
   278 | D:1      | Reached XP level 2. HP: 22/24 MP: 2/2
   368 | D:1      | XOM: colour smoke trail
   416 | D:1      | XOM: enchant monster (bad)
   489 | D:1      | XOM: confusion (+ monsters)
   992 | D:2      | Reached XP level 3. HP: 19/29 MP: 3/3
  1050 | D:2      | XOM: colour smoke trail
  1406 | D:2      | Reached skill level 1 in Axes
  1406 | D:2      | Reached XP level 4. HP: 25/35 MP: 4/4
  1496 | D:2      | XOM: medium Erth miscast
  1642 | D:2      | XOM: colour smoke trail
  1649 | D:2      | XOM: smoke on damage
  1790 | D:2      | XOM: 5-stop teleportation journey
  1986 | D:2      | XOM: summons 2 hostile demons
  2247 | D:3      | XOM: noise
  2263 | D:3      | Killed from afar by an orc priest

Dungeon Overview and Level Annotations

Branches:
Dungeon (3/15)

Altars:


Message History

You hit the plant. You freeze the plant.
The plant is heavily damaged.
You start resting.
Xom makes a sudden noise!
You hear the tinkle of an enormous bell.
You hear a shout! x5
You start resting.
A giant newt comes into view.
A giant newt is nearby!
The giant newt moves out of view.
An orc priest comes into view. It is wielding a dagger.
You see here a goblin corpse.
The orc priest invokes the aid of Beogh against you.
Something smites you! The giant newt completely misses you.
The orc priest invokes the aid of Beogh against you.
You are unaffected.
The giant newt bites you but does no damage.
The orc priest invokes the aid of Beogh against you.
You are unaffected.
You slash the orc priest! You freeze the orc priest.
The orc priest is heavily wounded.
You completely miss the plant. You barely miss the giant newt.
The orc priest hits you with a dagger. The giant newt closely misses you.
Unknown command.
You hit the orc priest. You freeze the orc priest.
The orc priest is almost dead.
You hit the plant but do no damage. You slash the giant newt!
You freeze the giant newt.
You kill the giant newt!
The orc priest hits you with a dagger!
The orc priest hits you but does no damage.
An orc comes into view. It is wielding a hand axe.
Your leather armour prevents you from hitting the orc priest.
The orc priest is almost dead.
The orc shouts!
You hit the plant but do no damage.
The orc priest calls down the wrath of Beogh upon you.
Something smites you!
You die...
Xom cackles wildly!

You could see 2 orc priests and an orc.

Vanquished Creatures
  5 adders (D:2)
  6 worms
  A giant gecko (D:2)
  2 giant cockroaches
  5 goblins
  8 hobgoblins
  A quokka (D:2)
  5 bats
  5 giant newts
  4 jackals (D:1)
  11 kobolds
  5 rats
58 creatures vanquished.

Vanquished Creatures (others)
  A plant (D:3)
1 creature vanquished.

Grand Total: 59 creatures vanquished

Action                   |  1- 3 |  4- 6 || total
-------------------------+-------+-------++-------
Melee: Mace              |    77 |       ||    77
       War axe           |    27 |    81 ||   108
 Stab: Petrifying        |     2 |       ||     2
       Confused          |     1 |       ||     1

Vault maps used:
D:1:      minmay_arrival_cross, serial_bayou_pond_e, grunt_decor_mini_mirrors,
          minmay_curled_crystal
D:3:      wad_woods_pond, okawaru_gym_becter, first_bread
